 Dungeon Crawl Stone Soup version 0.24.0-1-gfbc8707 (webtiles) character file.

Game seed: 173898816854409550, levelgen mode: deterministic

30 Coron the Covered (level 3, 0/32 HPs)
             Began as a Deep Dwarf Wanderer on Oct 29, 2019.
             Slain by a scorpion (5 damage)
             ... on level 2 of the Dungeon.
             The game lasted 00:04:11 (958 turns).

Coron the Covered (Deep Dwarf Wanderer)              Turns: 958, Time: 00:04:11

Health: 0/32       AC:  6    Str: 16    XL:     3   Next: 5%
Magic:  4/4        EV: 10    Int: 15    God:
Gold:   89         SH:  0    Dex:  9    Spells: 2/2 levels left

rFire    . . .     SeeInvis .   e - +0 dagger
rCold    . . .     Gourm    .   (no shield)
rNeg     . . .     Faith    .   d - +0 ring mail
rPois    .         Spirit   .   (no helmet)
rElec    .         Reflect  .   (no cloak)
rCorr    .         Harm     .   (no gloves)
MR       .....                  (no boots)
Stlth    ..........             (no amulet)
HPRegen  0.00/turn              (no ring)
MPRegen  0.09/turn              (no ring)

@: lethally poisoned (0 -> 0), non-regenerating
A: damage resistance, heal wounds, sense surroundings 1, no regeneration
a: Heal Wounds


You were on level 2 of the Dungeon.
You were not hungry.

You visited 1 branch of the dungeon, and saw 2 of its levels.

You collected 89 gold pieces.

Inventory:

Hand Weapons
 a - a +0 shortbow
 e - a +0 dagger (weapon)
Missiles
 c - 16 arrows
 j - 4 atropa-tipped darts (quivered)
Armour
 d - a +0 ring mail (worn)
 h - a +0 shield
 m - a +0 chain mail
Wands
 q - a wand of acid (6)
Scrolls
 g - a scroll of teleportation {unknown}
 l - a scroll of noise {unknown}
 n - a scroll of identify {unknown}
Potions
 i - 2 potions of ambrosia {unknown}
 k - a potion of magic {unknown}
 p - a potion of curing {unknown}
Miscellaneous
 b - a fan of gales
Comestibles
 f - 4 rations
 o - 3 chunks of flesh


   Skills:
 - Level 2.0 Fighting
 - Level 1.0 Bows
 + Level 5.8 Armour
 + Level 1.6 Shields
 + Level 2.6 Evocations


You had 2 spell levels left.
You didn't know any spells.
Your spell library was empty.

Dungeon Overview and Level Annotations

Branches:
Dungeon (2/15)

Altars:
Okawaru


Innate Abilities, Weirdness & Mutations

You are resistant to damage.
You can heal yourself by infusing magical energy.
You passively map a small area around you.
You do not regenerate.


Message History

You barely miss the scorpion.
The scorpion is severely wounded.
The scorpion barely misses you.
You hit the scorpion but do no damage.
The scorpion is severely wounded.
The scorpion stings you but does no damage.
You closely miss the scorpion.
The scorpion is severely wounded.
The scorpion stings you but does no damage.
You completely miss the scorpion.
The scorpion is severely wounded.
The scorpion stings you.
* * * LOW HITPOINT WARNING * * *
You hit the scorpion.
The scorpion is severely wounded.
The scorpion closely misses you.
You hit the scorpion but do no damage.
The scorpion is severely wounded.
The scorpion stings you.
You die...

# #.#* # #.# , (# #.#.. .
#.#.# ##. * * #.#.# #(. *
#.#.# #.# * #.#.# #.# ,
#.#.# #s# *
######.#.######@######
........................,
########################


You could see a scorpion.

Vanquished Creatures
  A worm (D:2)
  3 dart slugs (D:1)
  2 bats
  A giant cockroach (D:2)
  6 goblins
  2 hobgoblins (D:1)
  2 kobolds
  A frilled lizard (D:2)
  2 rats (D:2)
20 creatures vanquished.

Notes
Turn   | Place    | Note
-------+----------+-------------------------------------------
     0 | D:1      | Coron the Deep Dwarf Wanderer began the quest for the Orb.
     0 | D:1      | Coron set off with the following items: a +0 shortbow, a
                  | fan of gales, 26 arrows, a +0 ring mail, a ration
     0 | D:1      | Reached XP level 1. HP: 19/19 MP: 2/2
    71 | D:1      | Reached XP level 2. HP: 20/26 MP: 3/3
   791 | D:2      | Found an iron altar of Okawaru.
   878 | D:2      | Reached XP level 3. HP: 22/32 MP: 4/4
   926 | D:2      | Noticed a scorpion
   958 | D:2      | Slain by a scorpion

Levels and vault maps discovered:
D:1:      dpeg_arrival_simpleton_c, layout_basic, serial_bayou_pond_a
D:2:      layout_rooms, lemuel_crystal_altar, serial_co_window_serial,
          co_window_paths_a, co_window_paths_a, co_window_paths_a,
          co_window_paths_a, co_window_corner_a, co_window_paths_a,
          co_window_corner_a, co_window_of_opportunity_c,
          co_window_unsneaky_path_b, co_window_paths_c,
          co_window_of_opportunity_b, co_window_corner_cb, co_window_4corner_a,
          co_window_4corner_b, glass_columns_c

Skill      XL: |  1 |
---------------+----+-----
Fighting       | 2 |  2.0
Evocations     | 2 |  2.6
Bows           | |  1.0
Armour         | |  5.8
Shields        | |  1.6

Action                   || total
-------------------------++-------
Melee: Dagger            ||    92
 Fire: Shortbow          ||    43
Armor: Ring mail         ||    37
Dodge: Dodged            ||    46
